 Dungeon Crawl Stone Soup version 0.30.1-9-gdf580d7c3d (webtiles) character file.

Game seed: 4774403892204894367

2199 H0rd4k the Martial Artist (level 9, -12/84 HPs)
             Began as an Octopode Artificer on Oct 5, 2023.
             Was an Initiate of Gozag.
             Mangled by an orc knight
             ... wielding a +0 halberd
              (24 damage)
             ... in a bailey on Oct 6, 2023.
             The game lasted 00:10:50 (6796 turns).

H0rd4k the Martial Artist (Octopode Artificer)      Turns: 6796, Time: 00:10:52

Health: -12/84     AC:  1    Str:  9    XL:     9   Next: 34%
Magic:  0/14       EV: 22    Int: 15    God:    Gozag
Gold:   790        SH:  0    Dex: 21    Spells: 12/15 levels left

rFire   . .          .
                       - Unarmed
rCold   . . .        (no shield)
rNeg    . . .        (helmet restricted)
rPois   .            C - amulet of guardian spirit
rElec   .            h - +5 ring of evasion
rCorr   .            (no ring)
SInv    .            (no ring)
Will    .....        (no ring) Stlth
                     (no ring)
HPRegen 0.34/turn    (no ring)
MPRegen 0.14/turn    (no ring)
                     (no ring)

%: clarity, guardian spirit
@: berserking, attractive, very quick
A: almost no armour, amphibious, 8 rings, camouflage 1, gelatinous body 1,
nimble swimmer 1, tentacles, agile 2, clarity
a: Renounce Religion, Potion Petition, Call Merchant, Bribe Branch


You were in a bailey.
You worshipped Gozag.
Gozag was pleased with you.
You visited 1 branch of the dungeon, and saw 9 of its levels.
You also visited: Sewer and Bailey.

You collected 884 gold pieces.
You paid 94 gold pieces to Gozag.

Inventory:

Missiles
 w - 4 atropa-tipped darts
 B - 10 poisoned darts
Magical Staves
 y - a staff of conjuration
Jewellery
 e - an amulet of regeneration
 h - a +5 ring of evasion (left tentacle)
 C - an amulet of guardian spirit (around mantle)
Wands
 d - a wand of polymorph (5)
 v - a wand of digging (1)
Scrolls
 f - 6 scrolls of enchant armour
 i - 2 scrolls of enchant weapon
 k - 4 scrolls of teleportation
 m - a scroll of magic mapping
 p - 2 scrolls of immolation
 q - 3 scrolls of fear
 t - 2 scrolls of blinking
 u - 4 scrolls of vulnerability
Potions
 a - 2 potions of magic {unknown}
 b - a potion of invisibility {unknown}
 j - a potion of attraction
 l - 2 potions of resistance
 o - 3 potions of brilliance {unknown}
 r - 3 potions of mutation
 s - 6 potions of flight
 z - 2 potions of might {unknown}
 A - a potion of curing {unknown}


   Skills:
 + Level 3.0 Fighting
 - Level 5.7 Dodging
 - Level 1.3 Stealth
 - Level 8.1 Unarmed Combat
 * Level 3.5 Spellcasting
 * Level 0.8 Hexes
 * Level 0.7 Transmutations
 - Level 6.1 Evocations


You had 12 spell levels left.
You knew the following spells:

 Your Spells              Type           Power      Damage    Failure   Level
a - Slow                  Hex            20%        N/A       14%         1
b - Passwall              Tmut/Erth      2%         N/A       26%         2

Your spell library contained the following spells:

 Spells                   Type           Power      Damage    Failure   Level
 Ensorcelled Hibernation  Hex/Ice        6%         N/A       24%         2
 Confusing Touch          Hex            5%         N/A       38%         3
 Frozen Ramparts          Ice            4%         1d1       50%         3
 Swiftness                Air            2%         N/A       50%         3
 Vampiric Draining        Necr           2%         2d6       50%         3
 Ice Form                 Ice/Tmut       3%         N/A       86%         4
 Summon Ice Beast         Ice/Summ       2%         N/A       88%         4


Dungeon Overview and Level Annotations

Branches:
Dungeon (9/15)             Temple (0/1) D:7            Lair (0/5) D:8
  Sewer (visited)          Bailey (1/1)
    Orc: D:9-12

Altars:
Ashenzari
Gozag
Hepliaklqana
Makhleb
Okawaru
Uskayaw
Wu Jian
Xom
The Shining One

Shops:
D:6 *

Annotations:
D:5 1 runed translucent door, exclusion: door, Tux's ghost, amateur DjHW
D:8 4 transporters, exclusion: steam dragon


Innate Abilities, Weirdness & Mutations

You cannot wear most types of armour.
You are amphibious.
You can wear up to eight rings at the same time.
Your skin changes colour to match your surroundings (Stealth+).
Your rubbery body absorbs attacks. (AC +1, EV +1)
You are camouflaged when in or above water. (Stealth+)
You have tentacles for arms and can constrict up to eight enemies at once.
You are very agile. (Dex +8, Str/Int -2)
You possess an exceptional clarity of mind.


Message History

Things that are here:
a +0 trident; a +0 ring mail You start to feel less resistant.
Your resistance to elements expires.
It was a potion of attraction.
You feel attractive to monsters. The orc knight is attracted toward you.
The orc knight is attracted toward you. The orc knight is attracted toward you.
The orc knight hits you from afar with a +0 halberd!
The orc knight is attracted toward you.
You tentacle-slap the orc knight but do no damage.
You grab the orc knight. You squeeze the orc knight.
The orc knight is lightly wounded.
You constrict the orc knight, but do no damage.
The orc knight hits you with a +0 halberd!
It was a potion of berserk rage.
A red film seems to cover your vision as you go berserk!
You feel yourself moving faster!
You feel mighty!
You constrict the orc knight, but do no damage.
The orc knight barely misses you.
You bludgeon the orc knight!
The orc knight is lightly wounded.
You constrict the orc knight, but do no damage.
The orc knight misses you.
You tentacle-slap the orc knight.
The orc knight is lightly wounded.
You constrict the orc knight, but do no damage.
You tentacle-slap the orc knight but do no damage.
The orc knight is lightly wounded.
You constrict the orc knight, but do no damage.
The orc knight hits you with a +0 halberd!!
* * * LOW HITPOINT WARNING * * *
You bludgeon the orc knight!
You tentacle-slap the orc knight, but do no damage.
The orc knight is moderately wounded.
You constrict the orc knight.
The orc knight hits you with a +0 halberd!!
You die...
Your body crumbles into a pile of gold.

#.~..## ##..≈≈≈≈≈
#.))..## ##..≈≈o...
##.~~..# #.§§...⌠∩⌠
#∩.~~..#+#.§≈§...⌠.
#.~~..##.##..§§o§§.
#.)..##.$.##§.≈§§§≈
#.~.##.$$$.##..§§§.
#.~.#############+#
#.@o.........##
#.~~~~~~~~§~..##
#..........~~..## #
##..######..~~..###
#..## ##..~~....
##..# ##..~~~)~
#∩∩## ##...... ####
#######


You could see an orc knight.

Vanquished Creatures
  Eustachio (D:4)
  2 orc warriors
  An ice beast (D:6)
  5 centaurs
  An ogre (D:5)
  A phantom (D:7)
  A kobold brigand (D:7)
  A gnoll sergeant (D:6)
  A scorpion (D:5)
  2 bullfrogs (D:8)
  2 howler monkeys (D:7)
  A jelly (D:6)
  A gnoll bouda (D:4)
  3 hounds (D:5)
  2 sleepcaps (D:5)
  Natasha (thrice) (D:4)
  3 iguanas
  An orc wizard (D:7)
  14 gnolls
  8 adders
  4 river rats (Sewer)
  A shadow imp (D:4)
  A white imp (D:6)
  An ufetubus (D:5)
  3 worms
  2 dart slugs
  24 orcs
  9 bats
  7 endoplasms
  2 giant cockroaches
  8 goblins
  6 hobgoblins
  2 jackals (Sewer)
  8 kobolds
  5 quokkas
  6 ball pythons
  3 frilled lizards
  7 rats
153 creatures vanquished.

Vanquished Creatures (collateral kills)
  2 gnolls
  An adder (D:6)
  3 giant cockroaches (Sewer)
  A quokka (Sewer)
  5 ball pythons (Sewer)
  3 frilled lizards (Sewer)
15 creatures vanquished.

Vanquished Creatures (others)
  A bullfrog (D:6)
  A jelly (D:6)
  A gnoll (D:5)
3 creatures vanquished.

Grand Total: 171 creatures vanquished

Notes
Turn   | Place    | Note
-------+----------+-------------------------------------------
     0 | D:1      | H0rd4k the Octopode Artificer began the quest for the Orb.
     0 | D:1      | Reached XP level 1. HP: 13/13 MP: 1/1
   191 | D:1      | Reached XP level 2. HP: 18/18 MP: 2/2
   608 | D:1      | Reached XP level 3. HP: 22/23 MP: 3/3
  1086 | D:2      | Reached skill level 1 in Unarmed Combat
  1399 | D:3      | Found a glowing drain.
  1403 | D:3      | Reached XP level 4. HP: 28/28 MP: 4/4
  1445 | Sewer    | Entered a sewer
  1636 | Sewer    | Reached skill level 2 in Unarmed Combat
  1759 | Sewer    | Reached XP level 5. HP: 33/33 MP: 5/5
  1853 | Sewer    | Reached skill level 3 in Unarmed Combat
  2265 | D:3      | Found a burning altar of Makhleb.
  2577 | D:4      | Noticed Eustachio
  2578 | D:4      | Found an opulent altar of Gozag.
  2592 | D:4      | Reached XP level 6. HP: 35/38 MP: 6/6
  2607 | D:4      | Noticed Natasha
  2616 | D:4      | Killed Natasha
  2765 | D:4      | Reached skill level 4 in Unarmed Combat
  2863 | D:4      | Noticed Natasha
  2924 | D:4      | Found a hazy altar of Hepliaklqana.
  2957 | D:4      | Killed Natasha
  2968 | D:4      | Noticed Natasha
  2971 | D:4      | Killed Natasha
  2992 | D:5      | Entered Level 5 of the Dungeon
  3040 | D:5      | Noticed Tux's ghost (amateur DjHW)
  3041 | D:5      | Found a runed translucent door.
  3063 | D:5      | Reached XP level 7. HP: 43/44 MP: 7/7
  3084 | D:5      | Reached skill level 5 in Unarmed Combat
  3150 | D:4      | Killed Eustachio
  3159 | D:4      | Became a worshipper of Gozag Ym Sagoz the Greedy
  3187 | D:5      | Found a large runed translucent door.
  3221 | D:5      | Found a large runed translucent door.
  3266 | D:5      | Reached skill level 5 in Dodging
  3266 | D:5      | Reached skill level 6 in Unarmed Combat
  3266 | D:5      | Reached skill level 5 in Evocations
  3341 | D:5      | Reached XP level 8. HP: 33/50 MP: 8/8
  3798 | D:5      | Found a broken altar of Ashenzari.
  3812 | D:5      | Found a hide-covered altar of Uskayaw.
  4012 | D:6      | Reached skill level 7 in Unarmed Combat
  4086 | D:6      | Found Mutaoq's Assorted Antiques.
  4526 | D:6      | Noticed a shadow
  4711 | D:7      | Reached skill level 8 in Unarmed Combat
  4711 | D:7      | Reached XP level 9. HP: 50/55 MP: 9/9
  4813 | D:7      | Found a glowing golden altar of the Shining One.
  4815 | D:7      | Found an iron altar of Okawaru.
  4815 | D:7      | Found a shimmering altar of Xom.
  4817 | D:7      | Found an opulent altar of Gozag.
  4817 | D:7      | Found a glowing golden altar of the Shining One.
  4817 | D:7      | Found an ornate altar of the Wu Jian Council.
  4931 | D:7      | Reached skill level 1 in Spellcasting
  5068 | D:7      | Found a staircase to the Ecumenical Temple.
  5338 | D:8      | Found a staircase to the Lair.
  5422 | D:8      | Found a transporter.
  5442 | D:8      | Found a transporter.
  5573 | D:8      | Found an ornate altar of the Wu Jian Council.
  6009 | D:8      | Found a transporter.
  6103 | D:8      | Found a transporter.
  6280 | D:8      | Learned a level 1 spell: Slow
  6283 | D:8      | Learned a level 2 spell: Passwall
  6316 | D:9      | Found a flagged portal.
  6318 | D:9      | Noticed a troll
  6373 | Bailey   | Entered a bailey
  6597 | Bailey   | Noticed an orc knight
  6598 | Bailey   | Noticed an orc knight
  6749 | Bailey   | Gained mutation: You possess an exceptional clarity of
                  | mind. [potion of mutation]
  6749 | Bailey   | Gained mutation: You are agile. (Dex +4, Str/Int -1)
                  | [potion of mutation]
  6749 | Bailey   | Gained mutation: You are very agile. (Dex +8, Str/Int -2)
                  | [potion of mutation]
  6796 | Bailey   | Mangled by an orc knight

Illustrated notes

Levels and vault maps discovered:
D:1:      dpeg_arrival_simpleton_c, layout_loops_ring, serial_rivers,
          chequers_serial_rivers_micro_a, chequers_serial_rivers_micro_c,
          chequers_serial_rivers_micro_a, chequers_serial_rivers_room_b,
          chequers_serial_rivers_micro_c, chequers_serial_rivers_micro_d
D:2:      layout_loops_ring, minmay_tromino_i2
D:3:      layout_basic, bloody_makhleb, cheibrodos_sewer_entry_drain,
          kennysheep_generic_room_16
D:4:      layout_cave_pools, nicolae_overflow_hidden_temple, st_stairs_8,
          uniq_eustachio, uniq_natasha
D:5:      layout_loops_ring, jmf_multi_god_temple2,
          hellmonk_ghost_happy_afterlife
D:6:      minmay_klotski, layout_basic, serial_shops, shop, minmay_puff
D:7:      layout_loops_ring, doesnt_xom_only_xom, minmay_temple_entry_tees
D:8:      layout_layer_cave, nzn_wu_jian_council_hall, dpeg_oklobed_lair,
          nicolae_transporter_intersection
D:9:      layout_loops_corners, enter_bailey_2, gammafunk_ghost_split,
          uniq_erolcha, uniq_joseph
Bailey:   bailey_polearm_1, bailey

Skill      XL: |  1  2  3  4  5  6  7  8  9 |
---------------+----------------------------+-----
Evocations     | 4 5 6 |  6.1
Dodging        | 3 4 5 |  5.7
Unarmed Combat | 1 2 3 4 6 8 |  8.1
Fighting       | 2 3 |  3.0
Spellcasting   | 3 |  3.5
Stealth        | |  1.3
Hexes          | |  0.8
Transmutations | |  0.7

Action                     |  1- 3 |  4- 6 |  7- 9 || total
---------------------------+-------+-------+-------++-------
  Melee: Unarmed           |    92 |   162 |   193 ||   447
         Constrict         |    30 |    44 |    38 ||   112
         Tentacles         |    29 |    36 |    46 ||   111
         Punch             |     1 |     6 |    12 ||    19
  Evoke: Wand              |       |    13 |    24 ||    37
    Use: Scroll            |       |       |     9 ||     9
         Potion            |       |       |     5 ||     5
   Stab: Sleeping          |    10 |     9 |     1 ||    20
         Distracted        |       |       |     2 ||     2
 Armour: Skin              |    10 |     6 |     2 ||    18
  Dodge: Dodged            |    68 |   140 |   183 ||   391
